 Dungeon Crawl Stone Soup version 0.29.0-4-gdea44cf6ec (webtiles) character file.

Game seed: 4933337265019111683

18591 qw the Grappler (level 12, -1/114 HPs)
             Began as a Troll Cinder Acolyte on Sept 3, 2022.
             Was an Initiate of Okawaru.
             Slain by a 13-headed hydra (4 damage)
             ... on level 2 of the Lair of Beasts.
             The game lasted 00:06:27 (12207 turns).

qw the Grappler (Troll Cinder Acolyte)             Turns: 12207, Time: 00:06:27

Health: -1/114     AC:  9    Str: 27    XL:     12   Next: 29%
Magic:  12/12      EV:  9    Int: 10    God:    Okawaru [......]
Gold:   728        SH: 15    Dex: 11    Spells: 13/13 levels left

rFire   . . .      SeeInvis .     - Unarmed
rCold   . . .      Faith    .   a - +0 kite shield
rNeg    + . .      Spirit   .   c - +1 acid dragon scales
rPois   .          Reflect  +   (helmet restricted)
rElec   .          Harm     .   (no cloak)
rCorr   +          Rampage  .   (gloves unavailable)
Will    .....      Clarity  +   (boots unavailable)
Stlth   +.........              d - amulet of reflection
HPRegen 1.09/turn               o - +6 ring of dexterity
MPRegen 0.13/turn               q - ring of positive energy

@: fire susceptible
A: large, unfitting armour, claws 3, regeneration 1, shaggy fur 1, tough skin 1,
horns 1, clarity, weak 1
a: Renounce Religion


You were on level 2 of the Lair of Beasts.
You worshipped Okawaru.
Okawaru was noncommittal.
You visited 3 branches of the dungeon, and saw 14 of its levels.
You also visited: Sewer.

You collected 728 gold pieces.


Innate Abilities, Weirdness & Mutations

You are too large for most types of armour.
You have claws for hands.
Your natural rate of healing is unusually fast.
You are covered in fur. (AC +1)
You have tough skin. (AC +1)
You have a pair of small horns on your head.
You possess an exceptional clarity of mind.
You are weak. (Str -2)


   Skills:
 - Level 6.0 Fighting
 - Level 5.1 Throwing
 - Level 2.2 Armour
 - Level 3.0 Dodging
 + Level 9.9 Shields
 - Level 14.4 Unarmed Combat
 - Level 1.0 Spellcasting
 - Level 2.1 Fire Magic


You had 13 spell levels left.
You didn't know any spells.
Your spell library contained the following spells:

 Spells                   Type           Power      Damage    Failure   Level
 Scorch                   Fire           8%         2d5       43%         2

Inventory:

Missiles
 f - 6 boomerangs
 i - 6 silver javelins
 n - 2 javelins
 p - 2 large rocks (quivered)
Armour
 a - a +0 kite shield (worn)
 c - +1 acid dragon scales (worn)
Jewellery
 d - an amulet of reflection (around neck)
 o - a +6 ring of dexterity (left claw)
 q - a ring of positive energy (right claw)
Scrolls
 h - a scroll of identify
 s - a scroll of enchant weapon
Potions
 b - 3 potions of heal wounds
 e - 11 potions of curing
 g - 2 potions of mutation
 j - 2 potions of haste
 k - a potion of might
 l - a potion of cancellation {unknown}
 m - a potion of ambrosia {unknown}

Dungeon Overview and Level Annotations

Branches:
Dungeon (11/15)            Temple (1/1) D:7            Lair (2/5) D:11
 Spider (0/4) Lair:2          Orc (0/2) D:11          Sewer (visited)
  Swamp: Lair:2-3    Shoals: Lair:2-3

Altars:
Ashenzari
Dithmenos
Fedhas
Gozag
Hepliaklqana
Makhleb
Nemelex Xobeh
Okawaru
Qazlal
Sif Muna
Uskayaw
Xom

Shops:
D:2 [   D:9 [   D:11 :

Annotations:
D:8 1 runed translucent door, qw's ghost, novice TrCA


Message History

The nine-headed hydra bites you but does no damage.
The nine-headed hydra completely misses you.
You tear one of the nine-headed hydra's heads off!
The eight-headed hydra grows two more!
You claw the ten-headed hydra!
The ten-headed hydra is heavily wounded.
The ten-headed hydra misses you.
You block the ten-headed hydra's attack.
The ten-headed hydra bites you! The ten-headed hydra bites you.
You block the ten-headed hydra's attack.
The ten-headed hydra bites you!
You block the ten-headed hydra's attack.
The ten-headed hydra bites you. x2
You block the ten-headed hydra's attack.
You rip one of the ten-headed hydra's heads off!
The nine-headed hydra grows two more!
You claw the 11-headed hydra!
The 11-headed hydra is severely wounded.
You block the 11-headed hydra's attack. The 11-headed hydra closely misses you.
You block the 11-headed hydra's attack.
The 11-headed hydra bites you but does no damage.
You block the 11-headed hydra's attack. The 11-headed hydra bites you! x2
The 11-headed hydra bites you but does no damage.
The 11-headed hydra bites you. The 11-headed hydra bites you!
The 11-headed hydra completely misses you.
You rip one of the 11-headed hydra's heads off!
The ten-headed hydra grows two more!
You claw the 12-headed hydra! You headbutt the 12-headed hydra.
The 12-headed hydra is severely wounded.
You claw one of the 12-headed hydra's heads off!
The 11-headed hydra grows two more!
You claw the 13-headed hydra!
Your headbutt misses the 13-headed hydra.
The 13-headed hydra is severely wounded.
You block the 13-headed hydra's attack. The 13-headed hydra bites you.
The 13-headed hydra bites you! The 13-headed hydra barely misses you.
The 13-headed hydra bites you but does no damage.
The 13-headed hydra barely misses you. The 13-headed hydra bites you.
You block the 13-headed hydra's attack.
The 13-headed hydra bites you but does no damage.
The 13-headed hydra barely misses you. The 13-headed hydra bites you!
The 13-headed hydra bites you.
You die...

.D# ... ~~#
.(## >..# ..#
## ##^# ##
#.###D## #.#
##^#^#@###.##
#.#.#.#.#.#.#
##.###.#^#^#
#.#.#...#.#
##.#.....##
####...##
#...## ## +
###.<###.##
..
###..7..#.#..


You could see a 13-headed hydra.

Vanquished Creatures
  A boulder beetle (D:11)
  A hydra (Lair:1)
  Erica (D:8)
  A two-headed ogre (D:7)
  Sonja (Lair:1)
  Pikel (D:4)
  An orc knight (D:11)
  3 oklob plants (D:11)
  A cyclops (D:11)
  3 gargoyles (D:11)
  4 cane toads
  A rime drake (Lair:1)
  A komodo dragon (Lair:1)
  2 trolls
  A hornet (D:8)
  A polar bear (Lair:1)
  A jumping spider (Lair:2)
  2 culicivoras (Lair:2)
  A shadow (D:11)
  A vampire (D:7)
  2 wyverns
  13 yaks
  4 wraiths
  A basilisk (Lair:1)
  A redback (Lair:2)
  3 steam dragons
  10 vampire mosquitoes
  2 acid dragons
  3 water moccasins
  2 ice beasts (D:7)
  3 orc warriors
  2 sky beasts (D:7)
  3 black bears
  3 wolves (Lair:1)
  3 centaurs
  2 phantoms (D:5)
  2 lemures (D:4)
  2 kobold brigands
  4 bullfrogs (D:7)
  A necrophage (D:7)
  A scorpion (D:7)
  4 gnoll sergeants
  8 wights (D:9)
  A water moccasin skeleton (D:4)
  4 killer bees (D:9)
  7 howler monkeys
  3 orc priests
  A hound (D:6)
  2 jellies (Sewer)
  An iguana (D:4)
  2 scorpion zombies (D:4)
  6 orc wizards
  A hound skeleton (D:4)
  9 adders
  27 gnolls
  2 river rats (Sewer)
  2 shadow imps
  A white imp (D:7)
  An ufetubus (D:6)
  2 adder zombies (D:4)
  4 worms
  2 dart slugs
  50 orcs
  11 ball pythons
  11 endoplasms
  8 giant cockroaches
  9 goblins
  7 hobgoblins
  4 jackals (D:1)
  20 kobolds
  4 quokkas
  7 bats
  7 frilled lizards
  10 rats
334 creatures vanquished.

Vanquished Creatures (others)
  2 fungi (Lair:1)
  6 plants
8 creatures vanquished.

Grand Total: 342 creatures vanquished

Notes
Turn   | Place    | Note
-------+----------+-------------------------------------------
     0 | D:1      | qw the Troll Cinder Acolyte began the quest for the Orb.
     0 | D:1      | Reached XP level 1. HP: 22/22 MP: 1/1
     0 | D:1      | 0 ||| qw: Version: 0.1-a-100-g36b9a1f
     0 | D:1      | 0 ||| qw: Game counter: 5053
     0 | D:1      | 0 ||| qw: Always use a shield: true
     0 | D:1      | 0 ||| qw: God list: Okawaru
     0 | D:1      | 0 ||| qw: Allow faded altars: false
     0 | D:1      | 0 ||| qw: Do Orc after D:15 true
     0 | D:1      | 0 ||| qw: Do second Lair branch before Depths: true
     0 | D:1      | 0 ||| qw: Lair rune preference: random
     0 | D:1      | 0 ||| qw: Plans: Normal
     0 | D:1      | 0 ||| PLANNING D:1-11
    61 | D:1      | 61 ||| Stepping ~*~*~tactically~*~*~ (outnumbered).
    67 | D:1      | 67 ||| Stepping ~*~*~tactically~*~*~ (stealth).
   123 | D:1      | Reached XP level 2. HP: 29/29 MP: 2/2
   249 | D:1      | You fall into a shaft and drop 1 floor!
   295 | D:2      | 295 ||| INVOKING Fiery Armour.
   299 | D:2      | 299 ||| Stepping ~*~*~tactically~*~*~ (outnumbered).
   300 | D:2      | Reached skill level 4 in Unarmed Combat
   302 | D:2      | Reached XP level 3. HP: 27/36 MP: 3/3
   425 | D:2      | Found a faded altar of an unknown god.
   487 | D:2      | 487 ||| Stepping ~*~*~tactically~*~*~ (outnumbered).
   488 | D:2      | 488 ||| Stepping ~*~*~tactically~*~*~ (outnumbered).
   489 | D:2      | 489 ||| Stepping ~*~*~tactically~*~*~ (outnumbered).
   490 | D:2      | 490 ||| Stepping ~*~*~tactically~*~*~ (outnumbered).
   491 | D:2      | 491 ||| Stepping ~*~*~tactically~*~*~ (outnumbered).
   492 | D:2      | 492 ||| Stepping ~*~*~tactically~*~*~ (outnumbered).
   493 | D:2      | 493 ||| Stepping ~*~*~tactically~*~*~ (outnumbered).
   494 | D:2      | 494 ||| Stepping ~*~*~tactically~*~*~ (outnumbered).
   496 | D:2      | 496 ||| Stepping ~*~*~tactically~*~*~ (outnumbered).
   545 | D:2      | Reached XP level 4. HP: 34/44 MP: 4/4
   669 | D:2      | 669 ||| UPGRADING to amulet of reflection.
   674 | D:2      | 674 ||| READING scroll labelled MUNOLURYLU.
   678 | D:2      | 678 ||| READING 2 scrolls labelled UTWAARE MOEVAD.
   679 | D:2      | 679 ||| READING 2 scrolls labelled HOGYKL MERO.
   680 | D:2      | 680 ||| READING scroll labelled DYIMAL VIKAM.
   681 | D:2      | 681 ||| DRINKING 3 green potions.
   682 | D:2      | 682 ||| DROPPING scroll of immolation.
   683 | D:2      | 683 ||| Stepping randomly (stuck).
   684 | D:2      | 684 ||| Stepping ~*~*~tactically~*~*~ (cloud).
   745 | D:1      | Reached skill level 5 in Unarmed Combat
   784 | D:1      | 784 ||| READING scroll labelled PAAXKISSYGH.
   785 | D:1      | 785 ||| Stepping randomly (stuck).
   786 | D:1      | 786 ||| Stepping randomly (stuck).
   787 | D:1      | 787 ||| Stepping randomly (stuck).
   789 | D:1      | 789 ||| Stepping randomly (stuck).
   791 | D:1      | 791 ||| Stepping randomly (stuck).
   792 | D:1      | 792 ||| Stepping randomly (stuck).
   793 | D:1      | 793 ||| Stepping randomly (stuck).
   794 | D:1      | 794 ||| Stepping randomly (stuck).
   795 | D:1      | 795 ||| Stepping randomly (stuck).
   796 | D:1      | 796 ||| Stepping randomly (stuck).
   798 | D:1      | 798 ||| Stepping randomly (stuck).
   800 | D:1      | 800 ||| Stepping randomly (stuck).
   802 | D:1      | 802 ||| Stepping randomly (stuck).
   803 | D:1      | 803 ||| Stepping randomly (stuck).
   804 | D:1      | 804 ||| Stepping randomly (stuck).
   805 | D:1      | 805 ||| Stepping randomly (stuck).
   806 | D:1      | 806 ||| Stepping randomly (stuck).
   819 | D:1      | 819 ||| Stepping randomly (stuck).
   820 | D:1      | 820 ||| Stepping randomly (stuck).
   918 | D:1      | 918 ||| Stepping ~*~*~tactically~*~*~ (outnumbered).
   919 | D:1      | 919 ||| Stepping ~*~*~tactically~*~*~ (outnumbered).
   948 | D:1      | 948 ||| DRINKING 2 viscous emerald potions.
   948 | D:1      | Gained mutation: You are weak. (Str -2) [potion of
                  | mutation]
   948 | D:1      | Gained mutation: You have a pair of small horns on your
                  | head. [potion of mutation]
   948 | D:1      | Gained mutation: You possess an exceptional clarity of
                  | mind. [potion of mutation]
   949 | D:1      | 949 ||| READING 3 scrolls of identify.
   949 | D:1      | 949 ||| IDENTIFYING orange potion
   950 | D:1      | 950 ||| READING 2 scrolls of identify.
   950 | D:1      | 950 ||| IDENTIFYING metallic orange potion
   951 | D:1      | 951 ||| DROPPING potion of degeneration.
  1220 | D:2      | Found Kod Hogo's Antique Armour Shop.
  1234 | D:2      | 1234 ||| READING 2 scrolls of identify.
  1234 | D:2      | 1234 ||| IDENTIFYING amethyst potion
  1369 | D:2      | 1369 ||| DROPPING potion of magic.
  1426 | D:3      | 1426 ||| STAIRDANCE
  1437 | D:3      | 1437 ||| STAIRDANCE
  1688 | D:3      | Found a shimmering blue altar of Sif Muna.
  2083 | D:3      | 2083 ||| READING scroll labelled HAOPEUTERO.
  2084 | D:3      | 2084 ||| READING scroll labelled MALYGY ISENGOV.
  2085 | D:3      | 2085 ||| DRINKING 2 glowing yellow potions.
  2132 | D:3      | 2132 ||| DROPPING potion of lignification.
  2162 | D:4      | 2162 ||| STAIRDANCE
  2167 | D:4      | 2167 ||| STAIRDANCE
  2175 | D:4      | 2175 ||| STAIRDANCE
  2237 | D:4      | Reached XP level 5. HP: 50/50 MP: 5/5
  2272 | D:4      | 2272 ||| FLEEEEING.
  2273 | D:4      | 2273 ||| FLEEEEING.
  2274 | D:4      | 2274 ||| FLEEEEING.
  2275 | D:4      | 2275 ||| FLEEEEING.
  2276 | D:4      | 2276 ||| FLEEEEING.
  2277 | D:4      | 2277 ||| FLEEEEING.
  2278 | D:4      | 2278 ||| FLEEEEING.
  2279 | D:4      | 2279 ||| FLEEEEING.
  2280 | D:4      | 2280 ||| FLEEEEING.
  2281 | D:4      | 2281 ||| FLEEEEING.
  2282 | D:4      | 2282 ||| FLEEEEING.
  2283 | D:4      | 2283 ||| FLEEEEING.
  2284 | D:4      | 2284 ||| FLEEEEING.
  2285 | D:4      | 2285 ||| FLEEEEING.
  2286 | D:4      | 2286 ||| STAIRDANCE
  2305 | D:4      | 2305 ||| STAIRDANCE
  2310 | D:4      | 2310 ||| STAIRDANCE
  2325 | D:4      | Reached skill level 6 in Unarmed Combat
  2348 | D:4      | 2348 ||| Stepping ~*~*~tactically~*~*~ (stealth).
  2349 | D:4      | 2349 ||| Stepping ~*~*~tactically~*~*~ (stealth).
  2350 | D:4      | 2350 ||| Stepping ~*~*~tactically~*~*~ (stealth).
  2352 | D:4      | 2352 ||| INVOKING Fiery Armour.
  2362 | D:4      | 2362 ||| Stepping ~*~*~tactically~*~*~ (outnumbered).
  2364 | D:4      | 2364 ||| Stepping ~*~*~tactically~*~*~ (outnumbered).
  2366 | D:4      | 2366 ||| Stepping ~*~*~tactically~*~*~ (outnumbered).
  2370 | D:4      | 2370 ||| Stepping ~*~*~tactically~*~*~ (outnumbered).
  2377 | D:4      | 2377 ||| Stepping ~*~*~tactically~*~*~ (outnumbered).
  2378 | D:4      | 2378 ||| Stepping ~*~*~tactically~*~*~ (outnumbered).
  2379 | D:4      | 2379 ||| Stepping ~*~*~tactically~*~*~ (outnumbered).
  2382 | D:4      | Reached XP level 6. HP: 56/59 MP: 6/6
  2387 | D:4      | Reached skill level 7 in Unarmed Combat
  2425 | D:4      | Noticed Pikel
  2425 | D:4      | 2425 ||| Stepping ~*~*~tactically~*~*~ (stealth).
  2427 | D:4      | 2427 ||| Stepping ~*~*~tactically~*~*~ (stealth).
  2433 | D:4      | 2433 ||| Stepping ~*~*~tactically~*~*~ (outnumbered).
  2434 | D:4      | 2434 ||| Stepping ~*~*~tactically~*~*~ (outnumbered).
  2435 | D:4      | 2435 ||| Stepping ~*~*~tactically~*~*~ (outnumbered).
  2436 | D:4      | 2436 ||| Stepping ~*~*~tactically~*~*~ (outnumbered).
  2437 | D:4      | 2437 ||| Stepping ~*~*~tactically~*~*~ (outnumbered).
  2438 | D:4      | 2438 ||| Stepping ~*~*~tactically~*~*~ (outnumbered).
  2439 | D:4      | 2439 ||| Stepping ~*~*~tactically~*~*~ (outnumbered).
  2445 | D:4      | 2445 ||| Stepping ~*~*~tactically~*~*~ (outnumbered).
  2446 | D:4      | 2446 ||| Stepping ~*~*~tactically~*~*~ (outnumbered).
  2447 | D:4      | 2447 ||| Stepping ~*~*~tactically~*~*~ (outnumbered).
  2451 | D:4      | 2451 ||| Stepping ~*~*~tactically~*~*~ (outnumbered).
  2456 | D:4      | Killed Pikel
  2457 | D:4      | Reached skill level 9 in Unarmed Combat
  2457 | D:4      | Reached XP level 7. HP: 61/66 MP: 7/7
  2630 | D:4      | 2630 ||| Stepping ~*~*~tactically~*~*~ (stealth).
  2710 | D:4      | 2710 ||| Stepping ~*~*~tactically~*~*~ (outnumbered).
  2761 | D:4      | Found a hazy altar of Hepliaklqana.
  2900 | D:4      | 2900 ||| DRINKING 2 murky amethyst potions.
  2901 | D:4      | 2901 ||| DROPPING potion of brilliance.
  2929 | D:5      | Entered Level 5 of the Dungeon
  2930 | D:5      | 2930 ||| PLANNING SEWER
  2950 | D:5      | Found a burning altar of Makhleb.
  2953 | D:5      | Found a blossoming altar of Fedhas.
  2956 | D:5      | Found a sparkling altar of Nemelex Xobeh.
  2959 | D:5      | Found a shimmering altar of Xom.
  2975 | D:5      | Reached skill level 3 in Fighting
  3083 | D:5      | 3083 ||| Stepping ~*~*~tactically~*~*~ (hiding).
  3088 | D:5      | 3088 ||| Stepping ~*~*~tactically~*~*~ (hiding).
  3098 | D:5      | Reached skill level 1 in Throwing
  3270 | D:5      | Found a glowing drain.
  3271 | D:5      | 3271 ||| INVOKING Fiery Armour.
  3275 | D:5      | 3275 ||| Stepping ~*~*~tactically~*~*~ (outnumbered).
  3284 | D:5      | 3284 ||| DROPPING amulet of magic regeneration.
  3285 | D:5      | 3285 ||| READING scroll labelled LEPTIPOSCHEU.
  3286 | D:5      | 3286 ||| DRINKING 2 pink potions.
  3293 | Sewer    | Entered a sewer
  3351 | Sewer    | Reached XP level 8. HP: 75/75 MP: 8/8
  3381 | Sewer    | Reached skill level 1 in Dodging
  3431 | Sewer    | 3431 ||| Stepping ~*~*~tactically~*~*~ (stealth).
  3436 | Sewer    | Found a viscous altar of Jiyva.
  3522 | D:5      | 3522 ||| PLANNING D:1-11
  3629 | D:5      | 3629 ||| Stepping ~*~*~tactically~*~*~ (outnumbered).
  3635 | D:5      | 3635 ||| Stepping ~*~*~tactically~*~*~ (outnumbered).
  3636 | D:5      | 3636 ||| Stepping ~*~*~tactically~*~*~ (outnumbered).
  3637 | D:5      | 3637 ||| Stepping ~*~*~tactically~*~*~ (outnumbered).
  3638 | D:5      | 3638 ||| Stepping ~*~*~tactically~*~*~ (outnumbered).
  3639 | D:5      | 3639 ||| Stepping ~*~*~tactically~*~*~ (outnumbered).
  3640 | D:5      | 3640 ||| Stepping ~*~*~tactically~*~*~ (outnumbered).
  3641 | D:5      | 3641 ||| Stepping ~*~*~tactically~*~*~ (outnumbered).
  3642 | D:5      | 3642 ||| Stepping ~*~*~tactically~*~*~ (outnumbered).
  3643 | D:5      | 3643 ||| Stepping ~*~*~tactically~*~*~ (outnumbered).
  3644 | D:5      | 3644 ||| Stepping ~*~*~tactically~*~*~ (outnumbered).
  3646 | D:5      | 3646 ||| Stepping ~*~*~tactically~*~*~ (hiding).
  3728 | D:5      | 3728 ||| Stepping ~*~*~tactically~*~*~ (stealth).
  3729 | D:5      | 3729 ||| Stepping ~*~*~tactically~*~*~ (stealth).
  3873 | D:5      | 3873 ||| DROPPING ring of magical power.
  3962 | D:6      | 3962 ||| Stepping ~*~*~tactically~*~*~ (outnumbered).
  3963 | D:6      | 3963 ||| Stepping ~*~*~tactically~*~*~ (outnumbered).
  3964 | D:6      | 3964 ||| Stepping ~*~*~tactically~*~*~ (outnumbered).
  3965 | D:6      | 3965 ||| Stepping ~*~*~tactically~*~*~ (outnumbered).
  3966 | D:6      | 3966 ||| Stepping ~*~*~tactically~*~*~ (outnumbered).
  3967 | D:6      | 3967 ||| Stepping ~*~*~tactically~*~*~ (outnumbered).
  3969 | D:6      | 3969 ||| Stepping ~*~*~tactically~*~*~ (outnumbered).
  3970 | D:6      | 3970 ||| Stepping ~*~*~tactically~*~*~ (outnumbered).
  3971 | D:6      | 3971 ||| Stepping ~*~*~tactically~*~*~ (outnumbered).
  3972 | D:6      | 3972 ||| Stepping ~*~*~tactically~*~*~ (outnumbered).
  3973 | D:6      | 3973 ||| Stepping ~*~*~tactically~*~*~ (outnumbered).
  3974 | D:6      | 3974 ||| Stepping ~*~*~tactically~*~*~ (outnumbered).
  3975 | D:6      | 3975 ||| Stepping ~*~*~tactically~*~*~ (outnumbered).
  4104 | D:6      | 4104 ||| Stepping ~*~*~tactically~*~*~ (stealth).
  4107 | D:6      | Reached skill level 10 in Unarmed Combat
  4233 | D:6      | Reached skill level 3 in Throwing
  4276 | D:6      | 4276 ||| INVOKING Fiery Armour.
  4282 | D:6      | 4282 ||| Stepping ~*~*~tactically~*~*~ (outnumbered).
  4283 | D:6      | 4283 ||| Stepping ~*~*~tactically~*~*~ (outnumbered).
  4284 | D:6      | 4284 ||| Stepping ~*~*~tactically~*~*~ (outnumbered).
  4285 | D:6      | 4285 ||| Stepping ~*~*~tactically~*~*~ (outnumbered).
  4425 | D:7      | 4425 ||| FLEEEEING.
  4436 | D:7      | 4436 ||| INVOKING Fiery Armour.
  4479 | D:7      | Reached XP level 9. HP: 67/84 MP: 9/9
  4480 | D:7      | 4480 ||| FLEEEEING.
  4481 | D:7      | 4481 ||| FLEEEEING.
  4482 | D:7      | 4482 ||| FLEEEEING.
  4483 | D:7      | 4483 ||| FLEEEEING.
  4484 | D:7      | 4484 ||| FLEEEEING.
  4485 | D:7      | 4485 ||| FLEEEEING.
  4486 | D:7      | 4486 ||| FLEEEEING.
  4487 | D:7      | 4487 ||| FLEEEEING.
  4488 | D:7      | 4488 ||| STAIRDANCE
  4511 | D:7      | 4511 ||| Stepping ~*~*~tactically~*~*~ (stealth).
  4518 | D:7      | Reached skill level 11 in Unarmed Combat
  4560 | D:7      | Found a staircase to the Ecumenical Temple.
  4574 | D:7      | 4574 ||| Stepping ~*~*~tactically~*~*~ (stealth).
  4577 | D:7      | 4577 ||| Stepping ~*~*~tactically~*~*~ (stealth).
  4579 | D:7      | 4579 ||| Stepping ~*~*~tactically~*~*~ (stealth).
  4581 | D:7      | 4581 ||| Stepping ~*~*~tactically~*~*~ (stealth).
  4582 | D:7      | 4582 ||| Stepping ~*~*~tactically~*~*~ (stealth).
  4669 | D:7      | 4669 ||| Stepping ~*~*~tactically~*~*~ (stealth).
  4686 | D:7      | 4686 ||| Stepping ~*~*~tactically~*~*~ (stealth).
  4704 | D:7      | Noticed a two-headed ogre
  4710 | D:7      | Killed a two-headed ogre
  4711 | D:7      | Reached skill level 12 in Unarmed Combat
  4711 | D:7      | 4711 ||| FLEEEEING.
  4716 | D:7      | 4716 ||| FLEEEEING.
  4717 | D:7      | 4717 ||| FLEEEEING.
  4718 | D:7      | 4718 ||| FLEEEEING.
  4719 | D:7      | 4719 ||| FLEEEEING.
  4720 | D:7      | 4720 ||| FLEEEEING.
  4722 | D:7      | 4722 ||| FLEEEEING.
  4723 | D:7      | 4723 ||| FLEEEEING.
  4724 | D:7      | 4724 ||| FLEEEEING.
  4729 | D:7      | 4729 ||| Stepping ~*~*~tactically~*~*~ (outnumbered).
  4730 | D:7      | 4730 ||| Stepping ~*~*~tactically~*~*~ (outnumbered).
  4731 | D:7      | 4731 ||| Stepping ~*~*~tactically~*~*~ (outnumbered).
  4732 | D:7      | 4732 ||| Stepping ~*~*~tactically~*~*~ (outnumbered).
  4733 | D:7      | 4733 ||| Stepping ~*~*~tactically~*~*~ (outnumbered).
  4734 | D:7      | 4734 ||| Stepping ~*~*~tactically~*~*~ (outnumbered).
  4772 | D:7      | 4772 ||| Stepping ~*~*~tactically~*~*~ (hiding).
  4979 | D:7      | 4979 ||| UPGRADING to +0 steam dragon scales.
  4989 | D:7      | 4989 ||| DROPPING +0 robe.
  4990 | D:7      | 4990 ||| UPGRADING to +6 ring of dexterity.
  4991 | D:7      | 4991 ||| UPGRADING to ring of positive energy.
  4992 | D:7      | 4992 ||| READING scroll labelled ASIGINI WEOFF.
  5108 | D:8      | Reached skill level 1 in Armour
  5161 | D:8      | 5161 ||| Stepping ~*~*~tactically~*~*~ (hiding).
  5162 | D:8      | Noticed Erica
  5163 | D:8      | 5163 ||| INVOKING Fiery Armour.
  5166 | D:8      | Reached XP level 10. HP: 95/96 MP: 10/10
  5176 | D:8      | Killed Erica
  5177 | D:8      | Reached skill level 13 in Unarmed Combat
  5248 | D:8      | Found a runed translucent door.
  5433 | D:8      | Noticed qw's ghost (novice TrCA)
  5519 | D:8      | Found a broken altar of Ashenzari.
  5629 | D:8      | 5629 ||| Stepping ~*~*~tactically~*~*~ (stealth).
  5637 | D:8      | 5637 ||| Stepping ~*~*~tactically~*~*~ (outnumbered).
  5638 | D:8      | 5638 ||| Stepping ~*~*~tactically~*~*~ (outnumbered).
  5644 | D:8      | 5644 ||| Stepping ~*~*~tactically~*~*~ (outnumbered).
  6019 | D:8      | 6019 ||| READING scroll labelled GABAW NURUDERPH.
  6020 | D:8      | 6020 ||| READING scroll labelled JAOPLA MONI.
  6021 | D:8      | 6021 ||| READING 2 scrolls of identify.
  6021 | D:8      | 6021 ||| IDENTIFYING metallic cyan potion
  6022 | D:8      | 6022 ||| DROPPING potion of invisibility.
  6023 | D:8      | 6023 ||| DROPPING potion of attraction.
  6133 | D:9      | 6133 ||| INVOKING Fiery Armour.
  6137 | D:9      | Reached skill level 3 in Dodging
  6138 | D:9      | 6138 ||| Stepping ~*~*~tactically~*~*~ (outnumbered).
  6150 | D:9      | 6150 ||| Stepping ~*~*~tactically~*~*~ (outnumbered).
  6257 | D:9      | 6257 ||| Stepping ~*~*~tactically~*~*~ (outnumbered).
  6260 | D:9      | 6260 ||| Stepping ~*~*~tactically~*~*~ (outnumbered).
  6261 | D:9      | 6261 ||| Stepping ~*~*~tactically~*~*~ (outnumbered).
  6262 | D:9      | 6262 ||| Stepping ~*~*~tactically~*~*~ (outnumbered).
  6263 | D:9      | 6263 ||| Stepping ~*~*~tactically~*~*~ (outnumbered).
  6318 | D:9      | Found Ehomoeceu's Antique Armour Emporium.
  6327 | D:9      | 6327 ||| SHOPLISTING +0 mask of the Dragon {Will+ Slay+3
                  | SInv} (1002 gold, have 491).
  6406 | D:9      | 6406 ||| FLEEEEING.
  6407 | D:9      | 6407 ||| FLEEEEING.
  6408 | D:9      | 6408 ||| FLEEEEING.
  6409 | D:9      | 6409 ||| FLEEEEING.
  6410 | D:9      | 6410 ||| FLEEEEING.
  6468 | D:9      | 6468 ||| Stepping ~*~*~tactically~*~*~ (outnumbered).
  6469 | D:9      | 6469 ||| Stepping ~*~*~tactically~*~*~ (hiding).
  6471 | D:9      | 6471 ||| Stepping ~*~*~tactically~*~*~ (outnumbered).
  6479 | D:9      | Reached skill level 14 in Unarmed Combat
  6485 | D:9      | 6485 ||| Stepping ~*~*~tactically~*~*~ (stealth).
  6495 | D:9      | 6495 ||| INVOKING Fiery Armour.
  6497 | D:9      | HP: 20/96 [vampire mosquito (10)]
  6498 | D:9      | 6498 ||| READING 2 scrolls of teleportation.
  6499 | D:9      | 6499 ||| DRINKING 4 potions of heal wounds.
  6575 | D:9      | Reached skill level 6 in Fighting
  6636 | D:9      | 6636 ||| Stepping ~*~*~tactically~*~*~ (hiding).
  6657 | D:9      | 6657 ||| Stepping ~*~*~tactically~*~*~ (stealth).
  6669 | D:9      | Reached XP level 11. HP: 99/105 MP: 11/11
  7004 | D:9      | 7004 ||| Stepping ~*~*~tactically~*~*~ (outnumbered).
  7005 | D:9      | 7005 ||| Stepping ~*~*~tactically~*~*~ (outnumbered).
  7006 | D:9      | 7006 ||| Stepping ~*~*~tactically~*~*~ (outnumbered).
  7130 | D:9      | 7130 ||| UPGRADING to +0 kite shield.
  7135 | D:9      | 7135 ||| UPGRADING to +0 troll leather armour.
  7145 | D:9      | 7145 ||| DROPPING +0 steam dragon scales.
  7146 | D:9      | 7146 ||| READING scroll labelled IHUAGY LICINN.
  7164 | D:10     | Entered Level 10 of the Dungeon
  7484 | D:10     | Reached skill level 1 in Shields
  7536 | D:10     | 7536 ||| Stepping ~*~*~tactically~*~*~ (stealth).
  7547 | D:10     | 7547 ||| FLEEEEING.
  7548 | D:10     | 7548 ||| FLEEEEING.
  7549 | D:10     | 7549 ||| FLEEEEING.
  7550 | D:10     | 7550 ||| FLEEEEING.
  7551 | D:10     | 7551 ||| FLEEEEING.
  7700 | D:10     | 7700 ||| Stepping ~*~*~tactically~*~*~ (outnumbered).
  7701 | D:10     | 7701 ||| Stepping ~*~*~tactically~*~*~ (outnumbered).
  7702 | D:10     | 7702 ||| Stepping ~*~*~tactically~*~*~ (outnumbered).
  7703 | D:10     | 7703 ||| Stepping ~*~*~tactically~*~*~ (outnumbered).
  7704 | D:10     | 7704 ||| Stepping ~*~*~tactically~*~*~ (outnumbered).
  7711 | D:10     | 7711 ||| Stepping ~*~*~tactically~*~*~ (outnumbered).
  7713 | D:10     | Reached skill level 3 in Shields
  7785 | D:10     | 7785 ||| Stepping ~*~*~tactically~*~*~ (stealth).
  7786 | D:10     | 7786 ||| Stepping ~*~*~tactically~*~*~ (stealth).
  8344 | D:10     | 8344 ||| UPGRADING to +0 acid dragon scales.
  8354 | D:10     | 8354 ||| DROPPING +0 troll leather armour.
  8420 | D:11     | Found Akleurph's Book Shop.
  8791 | D:11     | 8791 ||| Stepping ~*~*~tactically~*~*~ (stealth).
  8792 | D:11     | 8792 ||| Stepping ~*~*~tactically~*~*~ (stealth).
  9010 | D:11     | Noticed an oklob plant
  9011 | D:11     | 9011 ||| INVOKING Fiery Armour.
  9012 | D:11     | 9012 ||| FLEEEEING.
  9044 | D:11     | Noticed an oklob plant
  9045 | D:11     | Noticed an oklob plant
  9046 | D:11     | 9046 ||| Stepping ~*~*~tactically~*~*~ (outnumbered).
  9052 | D:11     | Found a staircase to the Lair.
  9053 | D:11     | 9053 ||| Stepping ~*~*~tactically~*~*~ (outnumbered).
  9055 | D:11     | 9055 ||| Stepping ~*~*~tactically~*~*~ (outnumbered).
  9071 | D:11     | Killed an oklob plant
  9072 | D:11     | Reached skill level 6 in Shields
  9079 | D:11     | Killed an oklob plant
  9086 | D:11     | Killed an oklob plant
  9139 | D:11     | Noticed a boulder beetle
  9140 | D:11     | 9140 ||| INVOKING Fiery Armour.
  9145 | D:11     | Killed a boulder beetle
  9298 | D:11     | 9298 ||| Stepping ~*~*~tactically~*~*~ (hiding).
  9299 | D:11     | 9299 ||| Stepping ~*~*~tactically~*~*~ (hiding).
  9577 | D:11     | Noticed an orc knight
  9578 | D:11     | 9578 ||| Stepping ~*~*~tactically~*~*~ (hiding).
  9585 | D:11     | 9585 ||| INVOKING Fiery Armour.
  9591 | D:11     | Killed an orc knight
  9592 | D:11     | 9592 ||| Stepping ~*~*~tactically~*~*~ (outnumbered).
  9593 | D:11     | 9593 ||| Stepping ~*~*~tactically~*~*~ (hiding).
  9594 | D:11     | 9594 ||| Stepping ~*~*~tactically~*~*~ (outnumbered).
  9595 | D:11     | 9595 ||| Stepping ~*~*~tactically~*~*~ (hiding).
  9596 | D:11     | 9596 ||| Stepping ~*~*~tactically~*~*~ (outnumbered).
  9597 | D:11     | 9597 ||| Stepping ~*~*~tactically~*~*~ (outnumbered).
  9598 | D:11     | 9598 ||| Stepping ~*~*~tactically~*~*~ (outnumbered).
  9599 | D:11     | 9599 ||| Stepping ~*~*~tactically~*~*~ (outnumbered).
  9600 | D:11     | 9600 ||| Stepping ~*~*~tactically~*~*~ (outnumbered).
  9601 | D:11     | 9601 ||| Stepping ~*~*~tactically~*~*~ (outnumbered).
  9602 | D:11     | 9602 ||| Stepping ~*~*~tactically~*~*~ (outnumbered).
  9603 | D:11     | 9603 ||| Stepping ~*~*~tactically~*~*~ (outnumbered).
  9604 | D:11     | 9604 ||| Stepping ~*~*~tactically~*~*~ (outnumbered).
  9605 | D:11     | 9605 ||| Stepping ~*~*~tactically~*~*~ (outnumbered).
  9606 | D:11     | 9606 ||| Stepping ~*~*~tactically~*~*~ (outnumbered).
  9607 | D:11     | 9607 ||| Stepping ~*~*~tactically~*~*~ (outnumbered).
  9608 | D:11     | 9608 ||| Stepping ~*~*~tactically~*~*~ (outnumbered).
  9614 | D:11     | 9614 ||| Stepping ~*~*~tactically~*~*~ (outnumbered).
  9617 | D:11     | 9617 ||| Stepping ~*~*~tactically~*~*~ (outnumbered).
  9618 | D:11     | 9618 ||| Stepping ~*~*~tactically~*~*~ (outnumbered).
  9619 | D:11     | 9619 ||| Stepping ~*~*~tactically~*~*~ (outnumbered).
  9620 | D:11     | 9620 ||| Stepping ~*~*~tactically~*~*~ (outnumbered).
  9621 | D:11     | 9621 ||| Stepping ~*~*~tactically~*~*~ (outnumbered).
  9622 | D:11     | 9622 ||| Stepping ~*~*~tactically~*~*~ (outnumbered).
  9623 | D:11     | 9623 ||| Stepping ~*~*~tactically~*~*~ (outnumbered).
  9624 | D:11     | 9624 ||| Stepping ~*~*~tactically~*~*~ (outnumbered).
  9625 | D:11     | 9625 ||| Stepping ~*~*~tactically~*~*~ (outnumbered).
  9626 | D:11     | 9626 ||| Stepping ~*~*~tactically~*~*~ (outnumbered).
  9627 | D:11     | 9627 ||| Stepping ~*~*~tactically~*~*~ (outnumbered).
  9628 | D:11     | 9628 ||| Stepping ~*~*~tactically~*~*~ (outnumbered).
  9629 | D:11     | 9629 ||| Stepping ~*~*~tactically~*~*~ (outnumbered).
  9630 | D:11     | 9630 ||| Stepping ~*~*~tactically~*~*~ (outnumbered).
  9631 | D:11     | 9631 ||| Stepping ~*~*~tactically~*~*~ (outnumbered).
  9632 | D:11     | 9632 ||| Stepping ~*~*~tactically~*~*~ (outnumbered).
  9634 | D:11     | 9634 ||| Stepping ~*~*~tactically~*~*~ (outnumbered).
  9635 | D:11     | 9635 ||| Stepping ~*~*~tactically~*~*~ (outnumbered).
  9636 | D:11     | 9636 ||| Stepping ~*~*~tactically~*~*~ (outnumbered).
  9641 | D:11     | 9641 ||| Stepping ~*~*~tactically~*~*~ (outnumbered).
  9644 | D:11     | 9644 ||| Stepping ~*~*~tactically~*~*~ (outnumbered).
  9645 | D:11     | 9645 ||| Stepping ~*~*~tactically~*~*~ (outnumbered).
  9646 | D:11     | 9646 ||| Stepping ~*~*~tactically~*~*~ (outnumbered).
  9647 | D:11     | 9647 ||| STAIRDANCE
  9655 | D:10     | 9655 ||| DRINKING 2 bubbling black potions.
  9760 | D:10     | 9760 ||| DROPPING potion of berserk rage.
  9846 | D:11     | 9846 ||| Stepping ~*~*~tactically~*~*~ (stealth).
  9858 | D:11     | Found a staircase to the Orcish Mines.
 10150 | D:11     | 10150 ||| PLANNING LAIR
 10150 | D:11     | 10150 ||| READING scroll labelled EGOONI PUIREU.
 10186 | Lair:1   | Entered Level 1 of the Lair of Beasts
 10340 | Lair:1   | Noticed an eight-headed hydra
 10341 | Lair:1   | 10341 ||| INVOKING Fiery Armour.
 10343 | Lair:1   | 10343 ||| Stepping ~*~*~tactically~*~*~ (stealth).
 10344 | Lair:1   | 10344 ||| Stepping ~*~*~tactically~*~*~ (stealth).
 10345 | Lair:1   | Killed a nine-headed hydra
 10346 | Lair:1   | Reached skill level 9 in Shields
 10346 | Lair:1   | Reached XP level 12. HP: 110/114 MP: 12/12
 10448 | Lair:1   | 10448 ||| READING scroll of enchant armour.
 10448 | Lair:1   | 10448 ||| ENCHANTING +0 acid dragon scales.
 10465 | Lair:1   | 10465 ||| Stepping ~*~*~tactically~*~*~ (stealth).
 10499 | Lair:1   | 10499 ||| Stepping ~*~*~tactically~*~*~ (stealth).
 10500 | Lair:1   | 10500 ||| Stepping ~*~*~tactically~*~*~ (stealth).
 10681 | Lair:1   | 10681 ||| Stepping ~*~*~tactically~*~*~ (stealth).
 11075 | Lair:1   | Noticed Sonja
 11076 | Lair:1   | 11076 ||| INVOKING Fiery Armour.
 11093 | Lair:1   | HP: 25/114 [poisoned by Sonja (curare-tipped dart)]
 11094 | Lair:1   | 11094 ||| READING scroll of teleportation.
 11095 | Lair:1   | 11095 ||| DRINKING 4 potions of heal wounds.
 11321 | Lair:1   | 11321 ||| Stepping ~*~*~tactically~*~*~ (stealth).
 11322 | Lair:1   | 11322 ||| INVOKING Fiery Armour.
 11358 | Lair:1   | Killed Sonja
 11539 | Lair:1   | 11539 ||| Stepping ~*~*~tactically~*~*~ (stealth).
 11541 | Lair:1   | 11541 ||| Stepping ~*~*~tactically~*~*~ (stealth).
 11545 | Lair:1   | 11545 ||| Stepping ~*~*~tactically~*~*~ (outnumbered).
 11732 | Lair:1   | 11732 ||| PLANNING TEMPLE
 11732 | Lair:1   | 11732 ||| READING scroll labelled MIDOIS GIOCRU.
 11733 | Lair:1   | 11733 ||| DRINKING 2 fuming green potions.
 11867 | Temple   | Entered the Ecumenical Temple
 11898 | Temple   | 11898 ||| PLANNING CONVERSION TO OKAWARU
 11901 | Temple   | Fell from the grace of Ignis
 11901 | Temple   | Became a worshipper of Warmaster Okawaru
 11902 | Temple   | 11902 ||| PLANNING LAIR
 12038 | Lair:2   | 12038 ||| Stepping ~*~*~tactically~*~*~ (outnumbered).
 12044 | Lair:2   | 12044 ||| FLEEEEING.
 12045 | Lair:2   | 12045 ||| STAIRDANCE
 12074 | Lair:2   | 12074 ||| Stepping ~*~*~tactically~*~*~ (hiding).
 12188 | Lair:2   | Found a hole to the Spider Nest.
 12195 | Lair:2   | Noticed an eight-headed hydra
 12196 | Lair:2   | 12196 ||| Stepping ~*~*~tactically~*~*~ (stealth).
 12207 | Lair:2   | HP: 22/114 [13-headed hydra (10)]
 12207 | Lair:2   | HP: 3/114 [13-headed hydra (14)]
 12207 | Lair:2   | Slain by a 13-headed hydra

Levels and vault maps discovered:
D:1:      dpeg_arrival_fog, layout_rooms, grunt_decor_cap, minmay_box_of_dots
D:2:      layout_basic, shapermc_ecumenical_altar_notcrosses, serial_shops,
          shop_statue, amcnicky_mini_pool_small, chequers_decorated_corner
D:3:      layout_loops_ring, nicolae_sif_muna_condensation, hex_large,
          minmay_misc_feat_chi, wander_ebering_terrifying_dragon_lair
D:4:      layout_rooms, marbit_many_paths, serial_undead, serial_undead_d,
          serial_undead_f, serial_undead_f, serial_undead_d,
          hangedman_decor_slide_cut, nicolae_wormholes, uniq_pikel
D:5:      layout_gridville, grunt_temple_overflow_cloverleaf,
          portal_sewer_entry_c
D:6:      layout_gridville
D:7:      minmay_chambers_of_fours, layout_rooms, minmay_temple_entry_large_hall
D:8:      black_bear_nest_1, layout_cave_pods, amcnicky_altar_gilded,
          serial_column_ruins, column_ruins_square_medium,
          column_ruins_columns_straight, column_ruins_open_tiny,
          column_ruins_grid_1, column_ruins_columns_straight,
          column_ruins_open_tiny, column_ruins_columns_T,
          ebering_ghost_reflecting_pool, uniq_erica
D:9:      layout_loops_corners, serial_shops,
          nicolae_shop_temple_entry_statues_fountains, enter_bailey_3
D:10:     layout_basic, serial_co_window_serial, co_window_paths_b,
          co_window_paths_b, co_window_cross_1, co_window_paths_a,
          co_window_paths_a, co_window_paths_c, co_window_broadway_c,
          co_window_broadway_a, co_window_corner_cb, co_window_4corner_b,
          co_window_4corner_a, glass_columns_a, glass_columns_a,
          glass_columns_a, glass_columns_c
D:11:     layout_layer_cave, dpeg_oklobed_lair, david_orc_5, serial_shops, shop
Temple:   bh_familiar_temple
Lair:1:   layout_layer_cave, wad_woods_road_04, infiniplex_staircase_pool_2,
          uniq_sonja
Lair:2:   layout_roguey, elwin_shoals_entry_rooms,
          nicolae_spider_entry_tight_spaces, beast_lair_carwin_4,
          grunt_megastairs_1

Skill      XL: |  1  2  3  4  5  6  7  8  9 10 11 12 |
---------------+-------------------------------------+-----
Unarmed Combat | 4 5 6 9 10 12 14 | 14.4
Fighting       | 3 4 5 6 |  6.0
Throwing       | 2 3 4 5 |  5.1
Dodging        | 1 2 3 |  3.0
Armour         | 1 2 |  2.2
Shields        | 9 |  9.9
Spellcasting   | |  1.0
Fire Magic     | |  2.1

Action                   |  1- 3 |  4- 6 |  7- 9 | 10-12 || total
-------------------------+-------+-------+-------+-------++-------
Melee: Unarmed           |    46 |   109 |   203 |   360 ||   718
       Punch             |     1 |     5 |     5 |     4 ||    15
       Headbutt          |       |    12 |    22 |    67 ||   101
Throw: Boomerang         |    17 |    51 |    30 |    13 ||   111
       Javelin           |       |       |    57 |    48 ||   105
       Large rock        |       |       |       |    34 ||    34
Invok: Fiery Armour      |     1 |     1 |     4 |     8 ||    14
  Use: Scroll            |       |    10 |     2 |     9 ||    21
       Potion            |       |     3 |     2 |     4 ||     9
Armor: Robe              |    24 |    33 |    47 |       ||   104
       Steam dragon scal |       |       |     4 |    45 ||    49
       Troll leather arm |       |       |       |    14 ||    14
       Acid dragon scale |       |       |       |    34 ||    34
Dodge: Dodged            |    33 |    34 |    83 |   118 ||   268
Block: Other             |       |    17 |    37 |    30 ||    84
       Reflection        |       |       |     4 |    19 ||    23
       Kite shield       |       |       |       |   163 ||   163

Table legend:
 A = Non-vault XP
 B = Vault XP
 C = Vault XP percentage of total XP
 D = Non-vault monster count
 E = Vault monster count
 F = Vault count percentage of total count
                 A         B        C        D         E       F
            +---------+---------+-------+---------+---------+-------
      Total |   19205 |    7354 |  27.7 |     245 |      87 |  26.2
            +---------+---------+-------+---------+---------+-------
        D:1 |      36 |       5 |  12.2 |      20 |       3 |  13.0
        D:2 |     111 |       0 |   0.0 |      29 |       0 |   0.0
        D:3 |      39 |       1 |   2.5 |      11 |       1 |   8.3
        D:4 |     191 |     811 |  80.9 |      23 |      10 |  30.3
        D:5 |     371 |      25 |   6.3 |      18 |       7 |  28.0
        D:6 |     482 |       5 |   1.0 |      20 |       1 |   4.8
        D:7 |    1265 |    1481 |  53.9 |      14 |       6 |  30.0
        D:8 |    1498 |     975 |  39.4 |      20 |       2 |   9.1
        D:9 |    3775 |       8 |   0.2 |      43 |       4 |   8.5
       D:10 |    3020 |     140 |   4.4 |      17 |       2 |  10.5
       D:11 |    3788 |    2467 |  39.4 |      14 |      22 |  61.1
     Lair:1 |    4232 |     413 |   8.9 |      15 |       1 |   6.2
     Lair:2 |     397 |     861 |  68.4 |       1 |       4 |  80.0
      Sewer |       0 |     162 | 100.0 |       0 |      24 | 100.0
            +---------+---------+-------+---------+---------+-------
